 Dungeon Crawl Stone Soup version 0.29.1-1-gd02db6906a (webtiles) character file.

Game seed: 3976029243943893169

3462 brubbba the Trooper (level 10, -2/91 (94) HPs)
             Began as a Naga Transmuter on Sept 24, 2022.
             Was a Priest of Cheibriados.
             Slain by a wight
             ... wielding a +3 spear of freezing
              (5 damage)
             ... on level 8 of the Dungeon.
             The game lasted 00:33:40 (9111 turns).

brubbba the Trooper (Naga Transmuter)               Turns: 9111, Time: 00:33:40

HP:   -2/91 (94)    AC: 15    Str: 23    XL:     10   Next: 6%
MP:   13/13         EV:  9    Int: 20    God:    Cheibriados [***...]
Gold: 355           SH:  0    Dex: 20    Spells: 12/13 levels left

rFire   . . .      SeeInvis +   m - +7 hammer "Widolus" {vorpal, Dex+3}
rCold   . . .      Faith    .   (no shield)
rNeg    . . .      Spirit   .   n - +0 scale mail
rPois   +          Reflect  .   (helmet currently unavailable)
rElec   .          Harm     .   (no cloak)
rCorr   .          Rampage  .   C - +2 pair of gloves
Will    +....                   (no barding)
Stlth   ..........              (no amulet)
HPRegen 0.25/turn               p - +4 ring of protection
MPRegen 0.13/turn               (no ring)

@: appendages, lightly drained, very slow
A: horns 2, AC +3, large, see invisible, deformed body, poison resistance,
slowness 2, spit poison 1, naga tail 1
a: Spit Poison, End Transformation, Renounce Religion, Bend Time, Temporal
Distortion


You were on level 8 of the Dungeon.
You worshipped Cheibriados.
Cheibriados was most pleased with you.
You had temporarily grown beastly horns.
You visited 2 branches of the dungeon, and saw 9 of its levels.
You also visited: Sewer.

You collected 355 gold pieces.

Inventory:

Hand Weapons
 m - the +7 hammer "Widolus" (weapon) {vorpal, Dex+3}
   (You found it on level 2 of the Dungeon)

   It inflicts extra damage upon your enemies.
   Dex:       It affects your dexterity (+3).
Missiles
 B - a throwing net
Armour
 a - a +0 robe
 d - a +0 helmet (melded)
 n - a +0 scale mail (worn)
 C - a +2 pair of gloves (worn)
Jewellery
 p - a +4 ring of protection (left hand)
Wands
 D - a wand of charming (11)
Scrolls
 e - 6 scrolls of identify {unknown}
 f - 2 scrolls of blinking {unknown}
 i - a scroll of teleportation {unknown}
 j - 2 scrolls of enchant weapon {unknown}
 o - 2 scrolls of poison {unknown}
 q - a scroll of acquirement {unknown}
 s - 3 scrolls of butterflies {unknown}
 t - a scroll of vulnerability {unknown}
 u - a scroll of torment {unknown}
 y - 3 scrolls of fear {unknown}
 A - a scroll of noise {unknown}
 F - 2 scrolls of magic mapping {unknown}
 G - a scroll of immolation {unknown}
Potions
 b - a potion of might {unknown}
 c - 5 potions of cancellation {unknown}
 g - 3 potions of heal wounds {unknown}
 h - 5 potions of curing {unknown}
 k - 2 potions of degeneration {unknown}
 l - 3 potions of ambrosia {unknown}
 r - 3 potions of resistance {unknown}
 v - 2 potions of invisibility {unknown}
 w - 2 potions of haste {unknown}
 x - 3 potions of attraction {unknown}
 z - 2 potions of flight {unknown}
 E - a potion of mutation {unknown}


   Skills:
 + Level 7.4 Fighting
 + Level 5.9 Armour
 - Level 2.1 Dodging
 + Level 7.4 Unarmed Combat
 - Level 2.0 Spellcasting
 + Level 6.5 Transmutations


You had 12 spell levels left.
You knew the following spells:

 Your Spells              Type           Power      Damage    Failure   Level
a - Beastly Appendage     Tmut           56%        N/A       2%          1

Your spell library contained the following spells:

 Spells                   Type           Power      Damage    Failure   Level
 Wereblood                Tmut           28%        N/A       3%          2
 Spider Form              Tmut/Pois      15%        N/A       28%         3
 Necrotise                Necr           8%         1d4       36%         1
 Slow                     Hex            8%         N/A       36%         1
 Ice Form                 Ice/Tmut       15%        N/A       67%         4
 Confusing Touch          Hex            2%         N/A       73%         3
 Ozocubu's Armour         Ice            2%         N/A       73%         3
 Stone Arrow              Conj/Erth      4%         3d7       73%         3
 Vampiric Draining        Necr           2%         2d6       73%         3
 Flame Wave               Conj/Fire      2%         2d4       98%         4
 Summon Ice Beast         Ice/Summ       2%         N/A       98%         4
 Agony                    Necr           2%         N/A       100%        5
 Freezing Cloud           Conj/Ice/Air   1%         6-21      100%        5
 Metabolic Englaciation   Hex/Ice        1%         N/A       100%        5
 Summon Mana Viper        Hex/Summ       2%         N/A       100%        5
 Simulacrum               Ice/Necr       1%         N/A       100%        6
 Monstrous Menagerie      Summ           1%         N/A       100%        7
 Orb of Destruction       Conj           1%         9d5       100%        7


Dungeon Overview and Level Annotations

Branches:
Dungeon (8/15)             Temple (1/1) D:4           Sewer (visited)
   Lair: D:8-11

Altars:
Cheibriados
Dithmenos
Fedhas
Gozag
Hepliaklqana
Kikubaaqudgha
Okawaru
Ru
Sif Muna
Trog
Vehumet
Wu Jian
Yredelemnul
Zin
The Shining One

Annotations:
D:4 2 transporters, Menkaure
D:7 2 transporters, aspi's ghost, novice KoEn


Innate Abilities, Weirdness & Mutations

You have temporarily grown beastly horns.
Your serpentine skin is tough. (AC +3)
You have supernaturally acute eyesight. (SInv)
Armour fits poorly on your strangely shaped body.
Your system is resistant to poisons. (rPois)
You cover ground very slowly.
You can spit poison.
You have a snake-like lower body.


Message History

You barely miss the orc.
The sentinel's mark upon you fades away.
The orc hits you but does no damage. The wight hits you but does no damage.
You sock the orc!
You kill the orc!
Cheibriados thoroughly appreciates the change of pace.
The wight hits you from afar with a +3 spear of freezing!
* * * LOW HITPOINT WARNING * * *
You feel drained.
* * * LOW HITPOINT WARNING * * *
The wight freezes you.
* * * LOW HITPOINT WARNING * * *
A sky beast comes into view.
The wight hits you but does no damage. The wight closely misses you.
An orc wizard comes into view. It is wielding a +0 dagger.
You barely miss the wight.
You headbutt the wight, but do no damage.
The wight hits you but does no damage. x2
You thump the wight!
The wight is severely damaged.
The wight hits you but does no damage. The wight closely misses you.
You hit the wight.
You destroy the wight!
Cheibriados appreciates the change of pace.
The wight barely misses you.
An orc comes into view. It is wielding a +0 club.
The kobold brigand throws a poisoned dart.
The poisoned dart misses you.
The orc wizard points at you and mumbles some strange words.
The magic dart hits you.
* * * LOW HITPOINT WARNING * * *
The wight hits you from afar with a +3 spear of freezing!
* * * LOW HITPOINT WARNING * * *
The wight freezes you.
* * * LOW HITPOINT WARNING * * *
The orc shouts!
You sock the orc wizard! Your headbutt misses the orc wizard.
The orc wizard is heavily wounded.
The wight hits you from afar with a +3 spear of freezing.
You die...

#....###.....##. ........#....
.................. ......###...^
.................# .............
#............###.# ...#####...^.
#................. .......[.....
###......#####.#.# ########..^^.
........#####.#.# #.....
##.........##..#†#
##########.... +........(##.##@#
#........#.^..
#.........##.##o###........##.^.
#.............zK........... ##..
#.........#.>oYo........... ###
#.........#...o............ #
###########................
#........######## #.......##
##.....##


You could see a sky beast, a kobold brigand, a wight, 2 orc wizards and 2 orcs.

Vanquished Creatures
  Pikel (D:7)
  Grinder (D:3)
  A steam dragon (D:8)
  4 water moccasins
  A sky beast (D:8)
  An ice beast (D:6)
  2 black bears
  An ogre (D:6)
  A centaur (D:5)
  A lemure (D:7)
  2 phantoms
  4 scorpions
  8 wights
  6 killer bees (D:8)
  A hound (D:6)
  2 jellies
  An orc priest (D:4)
  Crazy Yiuf (D:2)
  2 gnoll boudas
  6 iguanas
  4 orc wizards
  10 gnolls
  3 adders
  2 shadow imps
  2 white imps (D:6)
  2 ufetubi
  A worm (D:4)
  A dart slug (D:1)
  19 orcs
  5 ball pythons
  12 bats
  8 endoplasms
  2 giant cockroaches (D:1)
  5 goblins
  4 hobgoblins
  A jackal (Sewer)
  A quokka (D:2)
  5 frilled lizards
  2 rats
136 creatures vanquished.

Vanquished Creatures (others)
  A wizard (D:7)
  An orc (D:8)
2 creatures vanquished.

Grand Total: 138 creatures vanquished

Notes
Turn   | Place    | Note
-------+----------+-------------------------------------------
     0 | D:1      | brubbba the Naga Transmuter began the quest for the Orb.
     0 | D:1      | Reached XP level 1. HP: 18/18 MP: 3/3
    32 | D:1      | Got the Octavo of Frigid Arcane Weapons
   327 | D:1      | Reached XP level 2. HP: 25/25 MP: 3/5
   837 | D:1      | Reached XP level 3. HP: 20/31 MP: 6/6
  1328 | D:2      | Found a faded altar of an unknown god.
  1954 | D:2      | Identified the +1 ring mail of Lethargy {*Slow SInv Stlth+}
  2064 | D:2      | Found a runed translucent door.
  2065 | D:2      | Noticed Crazy Yiuf
  2079 | D:2      | Killed Crazy Yiuf
  2080 | D:2      | Reached XP level 4. HP: 15/39 MP: 7/7
  2084 | D:2      | Identified the +7 hammer "Widolus" {vorpal, Dex+3}
  2509 | D:3      | Noticed Grinder
  2630 | D:3      | Found a glowing drain.
  2639 | Sewer    | Entered a sewer
  2695 | Sewer    | Noticed a water moccasin
  2707 | Sewer    | Killed a water moccasin
  2708 | Sewer    | Reached skill level 1 in Armour
  2708 | Sewer    | Reached XP level 5. HP: 38/48 MP: 8/8
  2976 | D:3      | Found a hazy altar of Hepliaklqana.
  2989 | D:3      | Reached XP level 6. HP: 56/56 MP: 9/9
  2996 | D:3      | Found a faded altar of an unknown god.
  3064 | D:3      | Paralysed by Grinder for 2 turns
  3071 | D:3      | Killed Grinder
  3072 | D:3      | Reached XP level 7. HP: 63/63 MP: 10/10
  3354 | D:4      | Found a staircase to the Ecumenical Temple.
  3361 | Temple   | Entered the Ecumenical Temple
  3459 | Temple   | Became a worshipper of Cheibriados the Contemplative
  3587 | D:4      | Found a basalt altar of Yredelemnul.
  3587 | D:4      | Found the +6 arbalest "Damnation" {damnation}
  3588 | D:4      | Found an ancient bone altar of Kikubaaqudgha.
  3589 | D:4      | Noticed Menkaure
  3632 | D:4      | Found a glowing golden altar of the Shining One.
  3824 | D:4      | Found a transporter.
  3834 | D:4      | Found a transporter.
  4168 | D:5      | Entered Level 5 of the Dungeon
  4309 | D:4      | Reached skill level 5 in Unarmed Combat
  4717 | D:4      | Reached XP level 8. HP: 67/71 MP: 11/11
  4737 | D:5      | Reached * piety under Cheibriados
  4826 | D:5      | Reached skill level 5 in Fighting
  5990 | D:6      | Reached ** piety under Cheibriados
  6340 | D:6      | Reached XP level 9. HP: 78/82 MP: 12/12
  6431 | D:6      | Reached skill level 5 in Transmutations
  6878 | D:7      | Reached skill level 5 in Armour
  7487 | D:7      | Noticed Pikel
  7497 | D:7      | Killed Pikel
  7682 | D:7      | Found a transporter.
  7689 | D:7      | Noticed aspi's ghost (novice KoEn)
  7707 | D:7      | Found a transporter.
  7719 | D:7      | Found an ornate altar of the Wu Jian Council.
  7723 | D:7      | Found a blossoming altar of Fedhas.
  7872 | D:7      | Found a sacrificial altar of Ru.
  8098 | D:7      | Found a bloodstained altar of Trog.
  8100 | D:7      | Noticed a wizard
  8104 | D:7      | Killed a wizard
  9094 | D:8      | Reached *** piety under Cheibriados
  9095 | D:8      | Reached XP level 10. HP: 93/94 MP: 13/13
  9110 | D:8      | HP: 2/90 [wight/+3 spear of freezing (3)]
  9111 | D:8      | Slain by a wight

Illustrated notes

Levels and vault maps discovered:
D:1:      wander_arrival_fairy_ring, layout_loops_ring
D:2:      layout_loops_ring, nicolae_ecumenical_pavilion,
          uniq_crazy_yiuf_cottage
D:3:      layout_rooms, beargit_hepliaklqana_dungeon_heroes,
          portal_sewer_entry_d, uniq_grinder
D:4:      layout_loops_ring, gammafunk_temple_of_torment,
          mainiacjoe_overflow_24_doors, minmay_temple_entry_statues_pillars
D:5:      layout_cave_pools
D:6:      layout_loops_cross, grunt_ministairs_7
D:7:      layout_layer_cave, nicolae_ru_path_of_blood,
          chequers_temple_overflow_statue_of_worship, trog_wizard,
          nzn_ghost_randoct, uniq_pikel
D:8:      layout_basic, amethyst_overflow_temple_binary, minmay_holes,
          minmay_checkerbox
Temple:   minmay_temple_curvy_loop

Skill      XL: |  1  2  3  4  5  6  7  8  9 |
---------------+----------------------------+-----
Dodging        | 2 |  2.1
Fighting       | 2 3 4 6 7 |  7.4
Unarmed Combat | 4 5 6 7 |  7.4
Armour         | 1 2 3 4 5 |  5.9
Transmutations | 3 4 6 |  6.5
Spellcasting   | |  2.0

Action                   |  1- 3 |  4- 6 |  7- 9 | 10-12 || total
-------------------------+-------+-------+-------+-------++-------
Melee: Unarmed           |    87 |       |       |       ||    87
       Headbutt          |     5 |       |     5 |     2 ||    12
       Punch             |     3 |       |     5 |       ||     8
       Mace              |       |    28 |   240 |    16 ||   284
 Cast: Beastly Appendage |    17 |       |     5 |     1 ||    23
Invok: Bend Time         |       |       |     3 |       ||     3
 Abil: Spit Poison       |    23 |    10 |    45 |       ||    78
  Use: Potion            |       |     1 |       |       ||     1
Armor: Robe              |    31 |       |   132 |       ||   163
       Scale mail        |       |    11 |    88 |    15 ||   114
       Skin              |       |     2 |       |       ||     2
Dodge: Dodged            |    69 |    11 |   203 |    18 ||   301
